 Dungeon Crawl Stone Soup version 0.28.0-43-g3370ac3207 (webtiles) character file.

Game seed: 10884111738618683804

1719 Ablot the Grasshopper (level 9, -7/69 HPs)
             Began as a Gnoll Warper on Mar 27, 2022.
             Was a Believer of Elyvilon.
             Mangled by a two-headed ogre
             ... wielding a +0 giant club
              (14 damage)
             ... on level 6 of the Dungeon.
             The game lasted 00:13:53 (11090 turns).

Ablot the Grasshopper (Gnoll Warper)               Turns: 11090, Time: 00:13:54

Health: -7/69      AC:  5    Str: 16    XL:     9   Next: 4%
Magic:  16/18      EV: 15    Int: 12    God:    Elyvilon [**....]
Gold:   338        SH:  0    Dex: 17    Spells: 16/20 levels left

rFire   . . .      SeeInvis .   v - +2 dagger (speed)
rCold   + . .      Faith    .   (no shield)
rNeg    . . .      Spirit   .   b - +0 leather armour
rPois   .          Reflect  .   y - +2 hat
rElec   .          Harm     .   (no cloak)
rCorr   .          Rampage  .   (no gloves)
Will    .....                   (no boots)
Stlth   ++........              (no amulet)
HPRegen 0.21/turn               w - +6 ring of dexterity
MPRegen 0.16/turn               D - ring of protection from cold

@: no status effects
A: fangs 1, strong nose, distributed training
a: Renounce Religion, Purification, Heal Other


You were on level 6 of the Dungeon.
You worshipped Elyvilon.
Elyvilon was pleased with you.
You visited 2 branches of the dungeon, and saw 7 of its levels.
You also visited: Sewer.

You collected 338 gold pieces.

Inventory:

Hand Weapons
 a - a +0 spear
 v - a +2 dagger of speed (weapon)
Missiles
 d - 5 boomerangs of dispersal
 e - 261 stones
 h - 72 arrows
 n - 8 poisoned darts (quivered)
 s - a throwing net
 E - 4 boomerangs
 J - 3 javelins
Armour
 b - a +0 leather armour (worn)
 y - a +2 hat (worn)
Magical Staves
 m - a staff of death
Jewellery
 w - a +6 ring of dexterity (left hand)
 D - a ring of protection from cold (right hand)
 K - a ring of positive energy
 P - a ring of resist corrosion
Wands
 z - a wand of polymorph (13)
 A - a wand of iceblast (11)
 H - a wand of paralysis (11)
 I - a wand of charming (12)
Scrolls
 c - 2 scrolls of blinking
 i - a scroll of summoning {unknown}
 j - 2 scrolls of enchant armour {unknown}
 k - a scroll of fear {unknown}
 l - 13 scrolls of identify {unknown}
 q - 2 scrolls of enchant weapon {unknown}
 r - 8 scrolls of teleportation {unknown}
 u - 2 scrolls of fog {unknown}
 C - a scroll of noise {unknown}
 L - a scroll of magic mapping {unknown}
 M - a scroll of amnesia {unknown}
Potions
 f - 5 potions of flight
 g - 7 potions of curing
 o - 3 potions of haste {unknown}
 p - 6 potions of mutation
 t - 2 potions of ambrosia {unknown}
 x - 2 potions of lignification {unknown}
 B - a potion of attraction {unknown}
 F - 2 potions of brilliance {unknown}
 G - a potion of magic {unknown}
 N - 2 potions of resistance {unknown}
 O - a potion of degeneration


   Skills:
 + Level 6.0 Fighting
 + Level 3.8 Short Blades
 + Level 3.8 Long Blades
 + Level 3.8 Axes
 + Level 3.8 Maces & Flails
 + Level 6.0 Polearms
 + Level 3.8 Staves
 + Level 3.8 Slings
 + Level 3.8 Bows
 + Level 3.8 Crossbows
 + Level 4.6 Throwing
 + Level 4.6 Armour
 + Level 6.0 Dodging
 + Level 3.8 Stealth
 + Level 3.8 Shields
 + Level 3.8 Unarmed Combat
 + Level 6.3 Spellcasting
 + Level 3.1 Conjurations
 + Level 3.1 Hexes
 + Level 3.1 Summonings
 + Level 3.1 Necromancy
 + Level 6.3 Translocations
 + Level 3.1 Transmutations
 + Level 3.1 Fire Magic
 + Level 3.1 Ice Magic
 + Level 3.1 Air Magic
 + Level 3.1 Earth Magic
 + Level 3.1 Poison Magic
 + Level 4.2 Invocations
 + Level 3.8 Evocations


You had 16 spell levels left.
You knew the following spells:

 Your Spells              Type           Power      Damage    Failure   Level
a - Blink                 Tloc           38%        N/A       2%          2
b - Ensorcelled Hibernat  Hex/Ice        22%        N/A       9%          2

Your spell library contained the following spells:

 Spells                   Type           Power      Damage    Failure   Level
 Gell's Gravitas          Tloc           19%        N/A       4%          3
 Lesser Beckoning         Tloc           19%        N/A       4%          3
 Teleport Other           Tloc           19%        N/A       4%          3
 Spider Form              Tmut/Pois      11%        N/A       17%         3
 Manifold Assault         Tloc           19%        N/A       38%         5
 Anguish                  Hex/Necr       5%         N/A       50%         4


Dungeon Overview and Level Annotations

Branches:
Dungeon (6/15)             Temple (1/1) D:5           Sewer (visited)

Altars:
Ashenzari
Dithmenos
Elyvilon
Fedhas
Hepliaklqana
Makhleb
Nemelex Xobeh
Qazlal
Ru
Trog
Uskayaw
Vehumet
Wu Jian
Yredelemnul
Zin
The Shining One

Shops:
D:5 (

Annotations:
D:4 2 runed translucent doors, exclusion: 2 doors, Sensen's ghost, novice HOMo


Innate Abilities, Weirdness & Mutations

You have very sharp teeth.
Your uncanny sense of smell can sniff out nearby items.
Your experience applies equally to all skills.


Message History

Casting: Blink (safe; 2% risk of failure)
Confirm with . or Enter, or press ? or * to list all spells.
You blink.
Throw: 12 darts (poison)
Press: ? - help, Q - select action, (/) - cycle Shift-Dir - straight line, f/p - two-headed ogre
Aim: a two-headed ogre, wielding two +0 giant clubs (lightly wounded, 78% to hit)
You throw a poisoned dart.
The poisoned dart hits the two-headed ogre!
The two-headed ogre is poisoned.
The two-headed ogre is lightly wounded.
Throw: 11 darts (poison)
Press: ? - help, Q - select action, (/) - cycle Shift-Dir - straight line, f/p - two-headed ogre
Aim: a two-headed ogre, wielding two +0 giant clubs (lightly wounded, very poisoned, 78% to hit)
You throw a poisoned dart.
The poisoned dart barely misses the two-headed ogre.
Throw: 10 darts (poison)
Press: ? - help, Q - select action, (/) - cycle Shift-Dir - straight line, f/p - two-headed ogre
Aim: a two-headed ogre, wielding two +0 giant clubs (lightly wounded, very poisoned, 78% to hit)
You throw a poisoned dart.
The poisoned dart hits the two-headed ogre.
The two-headed ogre looks even sicker.
The two-headed ogre is lightly wounded.
Throw: 9 darts (poison)
Press: ? - help, Q - select action, (/) - cycle Shift-Dir - straight line, f/p - two-headed ogre
Aim: a two-headed ogre, wielding two +0 giant clubs (lightly wounded, very poisoned, 78% to hit)
You throw a poisoned dart.
The poisoned dart barely misses the two-headed ogre.
The two-headed ogre hits you with a +0 giant club!!
The two-headed ogre hits you with a +0 giant club!
* * * LOW HITPOINT WARNING * * *
Casting: Blink (safe; 2% risk of failure)
Confirm with . or Enter, or press ? or * to list all spells.
You are still too unstable to blink.
You feel stable enough to blink again.
Casting: Blink (safe; 2% risk of failure)
Confirm with . or Enter, or press ? or * to list all spells.
You don't know that spell.
The two-headed ogre barely misses you.
The two-headed ogre hits you with a +0 giant club!
You die...

........# #(# #.# #######.#####
#.# #.# #.......# #.# #.#
#.#.###.# #.# #.# #.#.###.# #(#
#.# #####.#..##.#####.# #.#
.......#>##?##...(############.#
#####..#.##.#...O..............#
#...........@(.##.########.# .#
##.#....#..######.##### #.#
...###.#....(...#.........# #.#
............#...#.###.###.# #.#
.....#.#(##...#...# #.# #.#
........$##..###..######### #.#
.....#..(##...#..##≈≈.÷÷≈.## #.#
.........##.#....#.#######≈###.#
..$.###.(#....<..#≈#≈≈≈≈##≈#...#


You could see a two-headed ogre (very poisoned).

Vanquished Creatures
  Grinder (D:3)
  The ghost of dangdung the Changer, an amateur OpTm (D:3)
  A water moccasin (D:6)
  A necrophage (D:4)
  2 ogres
  A kobold brigand (D:3)
  A water moccasin skeleton (D:3)
  A bullfrog zombie (D:3)
  2 hounds
  2 jellies
  A gnoll shaman (D:4)
  An orc priest (D:4)
  2 centaur skeletons
  3 bullfrog skeletons
  3 iguanas
  3 orc wizards (D:5)
  A hound zombie (D:4)
  11 gnolls
  12 adders
  6 river rats (Sewer)
  A shadow imp (D:5)
  An adder skeleton (D:4)
  3 worms
  2 dart slugs
  9 orcs
  16 ball pythons
  9 endoplasms
  10 giant cockroaches
  9 goblins
  6 hobgoblins
  4 jackals
  8 quokkas
  7 bats
  3 frilled lizards
  8 kobolds
  9 rats
161 creatures vanquished.

Vanquished Creatures (others)
  11 plants (D:4)
11 creatures vanquished.

Grand Total: 172 creatures vanquished

Notes
Turn   | Place    | Note
-------+----------+-------------------------------------------
     0 | D:1      | Ablot the Gnoll Warper began the quest for the Orb.
     0 | D:1      | Reached XP level 1. HP: 20/20 MP: 6/6
   267 | D:1      | Reached XP level 2. HP: 20/26 MP: 7/7
   270 | D:1      | Learned a level 2 spell: Blink
   822 | D:1      | Reached XP level 3. HP: 31/31 MP: 9/9
   912 | D:1      | Reached skill level 5 in Spellcasting
  1537 | D:2      | Reached skill level 1 in Invocations
  1630 | D:2      | Reached skill level 1 in Short Blades
  1630 | D:2      | Reached skill level 1 in Long Blades
  1630 | D:2      | Reached skill level 1 in Axes
  1630 | D:2      | Reached skill level 1 in Maces & Flails
  1630 | D:2      | Reached skill level 1 in Staves
  1630 | D:2      | Reached skill level 1 in Slings
  1630 | D:2      | Reached skill level 1 in Bows
  1630 | D:2      | Reached skill level 1 in Crossbows
  1630 | D:2      | Reached skill level 1 in Stealth
  1630 | D:2      | Reached skill level 1 in Shields
  1630 | D:2      | Reached skill level 1 in Unarmed Combat
  1630 | D:2      | Reached skill level 1 in Evocations
  1631 | D:2      | HP: 1/31 [poisoned by an adder]
  2009 | D:2      | Reached XP level 4. HP: 38/38 MP: 11/11
  3035 | D:3      | HP: 1/38 [bullfrog zombie (2)]
  3344 | D:3      | Reached skill level 1 in Conjurations
  3344 | D:3      | Reached skill level 1 in Hexes
  3344 | D:3      | Reached skill level 1 in Summonings
  3344 | D:3      | Reached skill level 1 in Necromancy
  3344 | D:3      | Reached skill level 1 in Transmutations
  3344 | D:3      | Reached skill level 1 in Fire Magic
  3344 | D:3      | Reached skill level 1 in Ice Magic
  3344 | D:3      | Reached skill level 1 in Air Magic
  3344 | D:3      | Reached skill level 1 in Earth Magic
  3344 | D:3      | Reached skill level 1 in Poison Magic
  3437 | D:3      | Reached XP level 5. HP: 23/43 MP: 12/12
  3628 | D:3      | Noticed an ogre
  3643 | D:3      | Killed an ogre
  4003 | D:3      | Reached XP level 6. HP: 50/50 MP: 13/13
  4102 | D:3      | Reached skill level 5 in Fighting
  4102 | D:3      | Reached skill level 5 in Polearms
  4102 | D:3      | Reached skill level 5 in Dodging
  4381 | D:3      | Noticed Grinder
  4430 | D:3      | Paralysed by Grinder for 2 turns
  4434 | D:3      | Killed Grinder
  4435 | D:3      | Reached XP level 7. HP: 4/56 MP: 15/15
  4850 | D:3      | Found a runed translucent gate.
  4850 | D:3      | Found a runed translucent gate.
  4850 | D:3      | Found a runed translucent gate.
  4856 | D:3      | Noticed dangdung's ghost (amateur OpTm)
  5253 | D:3      | Killed dangdung's ghost
  5711 | D:4      | Reached XP level 8. HP: 63/63 MP: 16/16
  6124 | D:4      | Found a stormy altar of Qazlal.
  6155 | D:4      | Found a blossoming altar of Fedhas.
  6197 | D:4      | Found a large runed translucent door.
  6197 | D:4      | Found a large runed translucent door.
  6199 | D:4      | Noticed Sensen's ghost (novice HOMo)
  6646 | D:5      | Entered Level 5 of the Dungeon
  7731 | D:5      | Found Tomorchism's Weapon Emporium.
  7939 | D:5      | Found a staircase to the Ecumenical Temple.
  7962 | Temple   | Entered the Ecumenical Temple
  8091 | Temple   | Became a worshipper of Elyvilon the Healer
  8273 | D:5      | Found a burning altar of Makhleb.
  9211 | D:6      | Learned a level 2 spell: Ensorcelled Hibernation
  9394 | D:6      | Reached * piety under Elyvilon
  9508 | D:6      | Found a glowing drain.
  9512 | Sewer    | Entered a sewer
 10352 | Sewer    | Reached XP level 9. HP: 62/69 MP: 18/18
 11050 | D:6      | Noticed a two-headed ogre
 11060 | D:6      | Reached ** piety under Elyvilon
 11090 | D:6      | Mangled by a two-headed ogre

Illustrated notes

Levels and vault maps discovered:
D:1:      dpeg_chamrin_arrival_tetris, layout_loops_corners,
          chequers_serial_rivers_small_b
D:2:      layout_basic, minmay_circled_x
D:3:      layout_loops_ring, gammafunk_ghost_necromancy, grunt_ministairs_12,
          kennysheep_potato, uniq_grinder
D:4:      layout_rooms, kennysheep_little_box, fedhas_altar_decomposition,
          ebering_ghost_disaster_area
D:5:      layout_gridville, lemuel_crystal_altar, minmay_temple_entry_waves,
          serial_shops, nicolae_shop_temple_entry_statues_fountains
D:6:      layout_loops_ring, gup_sewer_entry_spiral, minmay_misc_feat_tiny
Temple:   cyrus_circular_temple

Skill      XL: |  1  2  3  4  5  6  7  8 |
---------------+-------------------------+-----
Spellcasting   | 5 6 |  6.3
Invocations    | 1 2 3 4 |  4.2
Short Blades   | 1 2 3 |  3.8
Long Blades    | 1 2 3 |  3.8
Axes           | 1 2 3 |  3.8
Maces & Flails | 1 2 3 |  3.8
Staves         | 1 2 3 |  3.8
Slings         | 1 2 3 |  3.8
Bows           | 1 2 3 |  3.8
Crossbows      | 1 2 3 |  3.8
Stealth        | 1 2 3 |  3.8
Shields        | 1 2 3 |  3.8
Unarmed Combat | 1 2 3 |  3.8
Evocations     | 1 2 3 |  3.8
Conjurations   | 1 2 3 |  3.1
Hexes          | 1 2 3 |  3.1
Summonings     | 1 2 3 |  3.1
Necromancy     | 1 2 3 |  3.1
Transmutations | 1 2 3 |  3.1
Fire Magic     | 1 2 3 |  3.1
Ice Magic      | 1 2 3 |  3.1
Air Magic      | 1 2 3 |  3.1
Earth Magic    | 1 2 3 |  3.1
Poison Magic   | 1 2 3 |  3.1
Throwing       | 3 4 |  4.6
Armour         | 3 4 |  4.6
Fighting       | 5 6 |  6.0
Polearms       | 5 6 |  6.0
Dodging        | 5 6 |  6.0
Translocations | 6 |  6.3

Action                   |  1- 3 |  4- 6 |  7- 9 || total
-------------------------+-------+-------+-------++-------
Melee: Spear             |   126 |   121 |   149 ||   396
       Bite              |     7 |    26 |    80 ||   113
       Punch             |     2 |     5 |    23 ||    30
       Dagger            |       |    86 |   486 ||   572
Throw: Dart              |     3 |    14 |    21 ||    38
 Cast: Blink             |     1 |       |     3 ||     4
       Ensorcelled Hiber |       |       |     5 ||     5
Evoke: Wand              |       |       |     2 ||     2
  Use: Potion            |       |       |     2 ||     2
 Stab: Sleeping          |     3 |     3 |     9 ||    15
Armor: Leather armour    |    25 |    19 |    77 ||   121
Dodge: Dodged            |    48 |    93 |   274 ||   415
